 Dungeon Sprint DCSS version 0.19-a0-1051-gdb7e7f8 (webtiles) character file.

2219 useraccount the Martial Artist (level 9, -1/68 HPs)
             Began as an Octopode Monk on Aug 1, 2016.
             Was a High Priest of Uskayaw.
             Slain by a cyclops (4 damage)
             ... in the Dungeon (Sprint IX: "|||||||||||||||||||||||||||||").
             The game lasted 00:01:22 (491 turns).

useraccount the Martial Artist (Octopode Monk)       Turns: 491, Time: 00:01:22

Health: -1/68      AC:  3    Str: 13    XL:     9   Next: 35%
Magic:  3/15       EV: 19    Int: 15    God:    Uskayaw [*****.]
Gold:   0          SH:  0    Dex: 15    Spells: 0 memorised, 8 levels left

rFire  . . .     SeeInvis .       - Unarmed
rCold  . . .     Gourm    .     (no shield)
rNeg   . . .     Faith    .     (helmet restricted)
rPois  .         Spirit   .     (no amulet)
rElec  .         Dismiss  .     m - +2 ring of protection
rCorr  .         Reflect  .     n - +3 ring of intelligence
SustAt .         Harm     .     (no ring)
MR     .....     NoTele   +     (no ring)
Stlth  +++++++...               (no ring)
                                (no ring)
                                (no ring)
                                (no ring)

@: not resistant to hostile enchantments, extremely stealthy
A: almost no armour, amphibious, 8 rings, constrict 8, camouflage 1, gelatinous
body 1
a: Stomp, Line Pass, Grand Finale, Renounce Religion


You were in the Dungeon.
You worshipped Uskayaw.
Uskayaw was aware of your devotion.
You were not hungry.

You visited 1 branch

Inventory:

Jewellery
 m - a +2 ring of protection (left tentacle)
 n - a +3 ring of intelligence (right tentacle)
Wands
 l - a wand of lightning (7/15)
Scrolls
 g - 2 scrolls of blinking
 j - 3 scrolls of remove curse
 k - 2 scrolls of amnesia
Potions
 b - a potion of invisibility
 c - a potion of heal wounds
 d - a potion of haste
 e - 4 potions of magic
 f - a potion of berserk rage
 i - 4 potions of curing
Comestibles
 a - a bread ration
 h - 4 chunks of flesh


   Skills:
 + Level 9.3 Fighting
 + Level 9.3 Dodging
 + Level 12.3 Stealth
 * Level 12.4 Unarmed Combat
 + Level 8.1 Invocations


You had 8 spell levels left.
You didn't know any spells.

Dungeon Overview and Level Annotations

Branches:
Dungeon (1/1)

Altars:
Cheibriados
Dithmenos
Elyvilon
Fedhas
Gozag
Hepliaklqana
Kikubaaqudgha
Makhleb
Nemelex Xobeh
Okawaru
Pakellas
Qazlal
Ru
Sif Muna
Trog
Uskayaw
Vehumet
Xom
Yredelemnul
Zin
The Shining One
Beogh
Jiyva
Lugonu


Innate Abilities, Weirdness & Mutations

You cannot wear most types of armour.
You are amphibious.
You can wear up to eight rings at the same time.
You can use your tentacles to constrict eight enemies at once.
Your skin changes colour to match your surroundings (Stealth+).
Your rubbery body absorbs attacks. (AC +1, EV +1)


Message History

Your Unarmed Combat skill increases to level 12!
Your Invocations skill increases to level 8!
You barely miss the orc warrior. You grab the orc warrior.
The orc warrior is severely wounded.
You constrict the orc warrior, but do no damage.
You tentacle-slap the orc warrior but do no damage.
You squeeze the orc warrior!
The orc warrior is almost dead.
You constrict the orc warrior.
You kill the orc warrior!
Evoke which item? (* to show all) (? for menu, Esc to quit)
Okay, then.
You don't have enough magic at the moment.
The cyclops hits you but does no damage.
There is an open door, spattered with blood here.
Items here: ))) [[ †† You bludgeon the cyclops!
The cyclops is moderately wounded.
The cyclops hits you.
You die...

▓+▓
▓.▓
▓.▓
▓.▓
▓.▓
▓.▓
▓C▓
▓@▓
▓.▓
▓)▓
▓)▓
▓)▓
▓)▓
▓.▓
▓'▓
▓.▓


You could see a cyclops.

Vanquished Creatures
  A death knight (D)
  2 hill giants (D)
  A gargoyle (D)
  An orc warrior (D)
  An eye of draining (D)
  A big kobold (D)
  2 scorpions (D)
  A crimson imp (D)
  An orc wizard (D)
  An adder (D)
  A shadow imp (D)
  An ooze (D)
  A dart slug (D)
  3 orcs (D)
  A hobgoblin (D)
  A giant newt (D)
  A kobold (D)
21 creatures vanquished.

Notes
Turn   | Place    | Note
-------+----------+-------------------------------------------
     0 | D        | useraccount the Octopode Monk began the quest for the Orb.
     0 | D        | Reached XP level 1. HP: 16/16 MP: 1/1
    12 | D        | Reached XP level 2. HP: 17/21 MP: 2/2
   149 | D        | Noticed a scorpion
   149 | D        | Noticed a crimson imp
   151 | D        | Killed a crimson imp
   151 | D        | Reached skill level 5 in Stealth
   151 | D        | Reached skill level 5 in Unarmed Combat
   151 | D        | Reached XP level 3. HP: 27/27 MP: 3/3
   154 | D        | Reached XP level 4. HP: 30/34 MP: 4/4
   163 | D        | Reached skill level 5 in Fighting
   163 | D        | Reached skill level 5 in Dodging
   163 | D        | Reached XP level 5. HP: 6/39 MP: 5/5
   344 | D        | Found a glowing silver altar of Zin.
   344 | D        | Found a glowing golden altar of the Shining One.
   344 | D        | Found an ancient bone altar of Kikubaaqudgha.
   344 | D        | Found a basalt altar of Yredelemnul.
   344 | D        | Found a shimmering altar of Xom.
   344 | D        | Found a radiant altar of Vehumet.
   345 | D        | Found an iron altar of Okawaru.
   346 | D        | Found a burning altar of Makhleb.
   347 | D        | Found a deep blue altar of Sif Muna.
   348 | D        | Found a bloodstained altar of Trog.
   349 | D        | Found a sparkling altar of Nemelex Xobeh.
   350 | D        | Found a white marble altar of Elyvilon.
   351 | D        | Found a roughly hewn altar of Beogh.
   352 | D        | Found a viscous altar of Jiyva.
   353 | D        | Found a corrupted altar of Lugonu.
   354 | D        | Found a blossoming altar of Fedhas.
   355 | D        | Found a snail-covered altar of Cheibriados.
   356 | D        | Found a shadowy altar of Dithmenos.
   357 | D        | Found a stormy altar of Qazlal.
   358 | D        | Found an opulent altar of Gozag.
   359 | D        | Found a sacrificial altar of Ru.
   360 | D        | Found an oddly glowing altar of Pakellas.
   361 | D        | Found a hide-covered altar of Uskayaw.
   362 | D        | Found a hazy altar of Hepliaklqana.
   369 | D        | Became a worshipper of Uskayaw the Reveler
   369 | D        | Reached * piety under Uskayaw
   389 | D        | Noticed a gargoyle
   389 | D        | Noticed a big kobold
   389 | D        | Noticed a hill giant
   396 | D        | Reached ** piety under Uskayaw
   397 | D        | Killed a big kobold
   397 | D        | Reached *** piety under Uskayaw
   402 | D        | Reached **** piety under Uskayaw
   405 | D        | Killed a hill giant
   405 | D        | Reached skill level 10 in Unarmed Combat
   405 | D        | Reached skill level 5 in Invocations
   405 | D        | Reached XP level 6. HP: 49/49 MP: 5/10
   405 | D        | Reached XP level 7. HP: 54/54 MP: 5/11
   405 | D        | Reached ***** piety under Uskayaw
   411 | D        | Killed a gargoyle
   411 | D        | Reached skill level 10 in Stealth
   411 | D        | Reached XP level 8. HP: 54/61 MP: 6/12
   460 | D        | Noticed a cyclops
   460 | D        | Noticed a hill giant
   460 | D        | Noticed a death knight
   472 | D        | Killed a death knight
   478 | D        | Reached XP level 9. HP: 27/67 MP: 1/14
   479 | D        | HP: 1/67 [hill giant/giant club (26)]
   487 | D        | Killed a hill giant
   491 | D        | Slain by a cyclops

Vault maps used:
D:        linesprint

Skill      XL: |  1  2  3  4  5  6  7  8  9 |
---------------+----------------------------+-----
Stealth        | 3 5 6 9 10 11 12 | 12.3
Unarmed Combat | 5 6 10 11 12 | 12.4
Fighting       | 4 5 7 8 9 |  9.3
Dodging        | 4 5 7 8 9 |  9.3
Invocations    | 5 6 7 8 |  8.1

Action                   |  1- 3 |  4- 6 |  7- 9 || total
-------------------------+-------+-------+-------++-------
Melee: Unarmed           |    19 |    23 |    34 ||    76
       Constrict         |     4 |     5 |     5 ||    14
       Tentacles         |     1 |     9 |    10 ||    20
       Punch             |       |     2 |     3 ||     5
  Use: Potion            |       |     2 |     1 ||     3
 Stab: Paralysed         |       |       |     1 ||     1
Armor: Skin              |     1 |     3 |     2 ||     6
Dodge: Dodged            |     5 |    11 |     9 ||    25
